TOP OF THE 1ST |
Minnesota (NYP) Twins batting - Pitching for Spokane Indians : RHP Masataka Kawai
|
Pitching: RHP Masataka Kawai
|
|
Batting: LHB Chris Munguia
|
0-0: Called Strike 0-1: Ball 1-1: Ball 2-1: Called Strike 2-2: Strikes out swinging
|
Batting: RHB Sean Gould
|
0-0: Ball 1-0: SINGLE (Line Drive, 78M, EV 100.6 MPH)
|
Batting: SHB Ian Thompson
|
0-0: Called Strike 0-1: Ball 1-1: Ball 2-1: Called Strike Sean Gould steals 2nd base 2-2: Foul Ball, location: 2F 2-2: Foul Ball, location: 2F 2-2: Strikes out swinging
|
Batting: RHB David Nardone
|
0-0: Ball 1-0: Ball 2-0: Ball 3-0: Base on Balls
|
Batting: RHB Jose Nunez
|
0-0: Foul Ball, location: 2F 0-1: Called Strike 0-2: Ball 1-2: Strikes out swinging
|
Top of the 1st over - 0 runs, 1 hit, 0 errors, 2 left on base; Minnesota (NYP) 0 - Spokane 0 |
BOTTOM OF THE 1ST |
Spokane Indians batting - Pitching for Minnesota (NYP) Twins : LHP Umberto van der Vleuten
|
Pitching: LHP Umberto van der Vleuten
|
|
Batting: SHB David Simpson
|
0-0: TRIPLE (Line Drive, 89XD, EV 110.0 MPH)
|
Batting: RHB Andrew Clarke
|
0-0: Foul Ball, location: 2F 0-1: Foul Ball, location: 2F 0-2: Fly out, F4 (Flyball, 34D, EV 83.1 MPH)
|
Batting: RHB Lupe Covarrubias
|
0-0: Ball 1-0: DOUBLE (Line Drive, 9LM, EV 92.5 MPH) David Simpson scores
|
Batting: RHB Shoh Tanioka
|
0-0: Called Strike 0-1: Called Strike 0-2: DOUBLE (Flyball, 8RXD, EV 96.9 MPH) Lupe Covarrubias scores
|
Batting: RHB Jesse White
|
0-0: SINGLE (Line Drive, 78M, EV 101.9 MPH) Shoh Tanioka to third
|
Batting: SHB Reagan Dudley
|
0-0: Called Strike 0-1: Foul Ball, location: 2F 0-2: Ball 1-2: Ball 2-2: Strikes out swinging
|
Batting: RHB Zi-jing Wang
|
0-0: Called Strike 0-1: SINGLE (Groundball, 56D, EV 95.6 MPH) Shoh Tanioka scores Jesse White to second
|
Batting: LHB Dave Doughty
|
0-0: Ball 1-0: Foul Ball, location: 2F 1-1: Ball 2-1: Ball 3-1: Ground out 4-3 (Groundball, 4M, EV 79.4 MPH)
|
Bottom of the 1st over - 3 runs, 5 hits, 0 errors, 2 left on base; Minnesota (NYP) 0 - Spokane 3 |
TOP OF THE 2ND |
Minnesota (NYP) Twins batting - Pitching for Spokane Indians : RHP Masataka Kawai
|
Batting: LHB Seung-jun Chang
|
0-0: Foul Ball, location: 2F 0-1: Ball 1-1: Hit by Pitch
|
Batting: RHB Tony Crespo
|
0-0: Ball Seung-jun Chang is caught stealing 2nd base 2-4 1-0: Swinging Strike 1-1: Ball 2-1: Ground out 4-3 (Groundball, 4, EV 88.8 MPH)
|
Batting: SHB Donell Burney
|
0-0: Called Strike 0-1: Fly out, F5 (Line Drive, 5, EV 71.9 MPH)
|
Top of the 2nd over - 0 runs, 0 hits, 0 errors, 0 left on base; Minnesota (NYP) 0 - Spokane 3 |
BOTTOM OF THE 2ND |
Spokane Indians batting - Pitching for Minnesota (NYP) Twins : LHP Umberto van der Vleuten
|
Batting: LHB Justin Covington
|
0-0: Ground out 4-3 (Groundball, 4, EV 102.5 MPH)
|
Batting: SHB David Simpson
|
0-0: Foul Ball, location: 2F 0-1: SINGLE (Groundball, 6MD, EV 100.6 MPH)
|
Batting: RHB Andrew Clarke
|
0-0: Foul Ball, location: 2F 0-1: Fly out, F8 (Flyball, 89S, EV 81.2 MPH)
|
Batting: RHB Lupe Covarrubias
|
0-0: Ball David Simpson steals 2nd base (no throw) 1-0: Swinging Strike 1-1: Ball 2-1: Foul Ball, location: 2F 2-2: Ball 3-2: DOUBLE (Line Drive, 7D, EV 98.1 MPH) David Simpson scores
|
Batting: RHB Shoh Tanioka
|
0-0: Ground out 1-3 (Groundball, 13S, EV 75.0 MPH)
|
Bottom of the 2nd over - 1 run, 2 hits, 0 errors, 1 left on base; Minnesota (NYP) 0 - Spokane 4 |
TOP OF THE 3RD |
Minnesota (NYP) Twins batting - Pitching for Spokane Indians : RHP Masataka Kawai
|
Batting: RHB Ruben Torres
|
0-0: Ball 1-0: Foul Ball, location: 2F 1-1: Ball 2-1: Called Strike 2-2: Strikes out swinging
|
Batting: LHB Chris Munguia
|
0-0: Ball 1-0: Foul Ball, location: 2F 1-1: Swinging Strike 1-2: Ball 2-2: Ball 3-2: Foul Ball, location: 2F 3-2: Ground out U3 (Groundball, 34, EV 82.5 MPH)
|
Batting: RHB Sean Gould
|
0-0: Ball 1-0: Ball 2-0: Ball 3-0: Base on Balls
|
Batting: SHB Ian Thompson
|
0-0: Ball 1-0: Foul Ball, location: 2F Pickoff Throw to First - Error! E1 Sean Gould to second 1-1: Called Strike 1-2: Strikes out swinging
|
Top of the 3rd over - 0 runs, 0 hits, 1 error, 1 left on base; Minnesota (NYP) 0 - Spokane 4 |
BOTTOM OF THE 3RD |
Spokane Indians batting - Pitching for Minnesota (NYP) Twins : LHP Umberto van der Vleuten
|
Batting: RHB Jesse White
|
0-0: Called Strike 0-1: Ball 1-1: SOLO HOME RUN (Flyball, 9D, EV 98.8 MPH), Distance : 354 ft
|
Batting: SHB Reagan Dudley
|
0-0: Called Strike 0-1: Fly out, F5 (Popup, 25F, EV 86.9 MPH)
|
Batting: RHB Zi-jing Wang
|
0-0: Ball 1-0: Ball 2-0: Ball 3-0: Base on Balls
|
Batting: LHB Dave Doughty
|
0-0: Foul Ball, location: 2F 0-1: Ball 1-1: Called Strike 1-2: Ground out U3 (Groundball, 34, EV 86.9 MPH) Zi-jing Wang to second
|
Batting: LHB Justin Covington
|
0-0: Ball 1-0: Ball 2-0: Called Strike 2-1: Ball 3-1: Base on Balls
|
Pitching: RHP Jim Ahlers
|
|
Batting: SHB David Simpson
|
0-0: Ball 1-0: Swinging Strike 1-1: SINGLE (Groundball, 34S, EV 66.2 MPH) (infield hit) Zi-jing Wang to third Justin Covington to second
|
Batting: RHB Andrew Clarke
|
0-0: Called Strike 0-1: Ball 1-1: Swinging Strike 1-2: Foul Ball, location: 2F 1-2: Strikes out looking
|
Bottom of the 3rd over - 1 run, 2 hits, 0 errors, 3 left on base; Minnesota (NYP) 0 - Spokane 5 |
TOP OF THE 4TH |
Minnesota (NYP) Twins batting - Pitching for Spokane Indians : RHP Masataka Kawai
|
Batting: RHB David Nardone
|
0-0: TRIPLE (Line Drive, 89XD, EV 103.8 MPH)
|
Batting: RHB Jose Nunez
|
0-0: Called Strike 0-1: Ball 1-1: Called Strike 1-2: Ball 2-2: Foul Ball, location: 2F 2-2: Strikes out swinging, 2-3 out at first.
|
Batting: LHB Seung-jun Chang
|
0-0: Ball 1-0: Ball Wild Pitch! David Nardone scores 2-0: Called Strike 2-1: Swinging Strike 2-2: Ball 3-2: Strikes out swinging
|
Batting: RHB Tony Crespo
|
0-0: Swinging Strike 0-1: Fly out, F4 (Line Drive, 4, EV 73.8 MPH)
|
Top of the 4th over - 1 run, 1 hit, 0 errors, 0 left on base; Minnesota (NYP) 1 - Spokane 5 |
BOTTOM OF THE 4TH |
Spokane Indians batting - Pitching for Minnesota (NYP) Twins : RHP Jim Ahlers
|
Batting: RHB Lupe Covarrubias
|
0-0: Ball 1-0: Called Strike 1-1: Ball 2-1: Foul Ball, location: 2F 2-2: Foul Ball, location: 2F 2-2: Ball 3-2: Base on Balls
|
Batting: RHB Shoh Tanioka
|
0-0: Fly out, F9 (Flyball, 9D, EV 90.0 MPH)
|
Batting: RHB Jesse White
|
0-0: Called Strike 0-1: Ball Lupe Covarrubias steals 2nd base Balk! Lupe Covarrubias to third 1-1: Swinging Strike 1-2: Ball 2-2: Foul Ball, location: 2F 2-2: Strikes out swinging
|
Batting: SHB Reagan Dudley
|
0-0: Called Strike 0-1: Called Strike 0-2: Strikes out swinging
|
Bottom of the 4th over - 0 runs, 0 hits, 0 errors, 1 left on base; Minnesota (NYP) 1 - Spokane 5 |
TOP OF THE 5TH |
Minnesota (NYP) Twins batting - Pitching for Spokane Indians : RHP Masataka Kawai
|
Batting: SHB Donell Burney
|
0-0: Ground out 5-3 (Groundball, 5L, EV 99.4 MPH)
|
Batting: RHB Ruben Torres
|
0-0: Called Strike 0-1: Called Strike 0-2: Ball 1-2: Strikes out swinging
|
Batting: LHB Chris Munguia
|
0-0: Called Strike 0-1: DOUBLE (Line Drive, 7LD, EV 102.5 MPH)
|
Batting: RHB Sean Gould
|
0-0: Ground out 5-3 (Groundball, 56, EV 86.2 MPH)
|
Top of the 5th over - 0 runs, 1 hit, 0 errors, 1 left on base; Minnesota (NYP) 1 - Spokane 5 |
BOTTOM OF THE 5TH |
Spokane Indians batting - Pitching for Minnesota (NYP) Twins : RHP Jim Ahlers
|
Batting: RHB Zi-jing Wang
|
0-0: Called Strike 0-1: Ball 1-1: Ball 2-1: Called Strike 2-2: Ball 3-2: Foul Ball, location: 2F 3-2: Base on Balls
|
Batting: LHB Dave Doughty
|
0-0: Foul Ball, location: 2F 0-1: Fielders Choice at 2nd, 4-6 (Groundball, 4, EV 85.0 MPH)
|
Pitching: RHP Josh Halvorson
|
|
Batting: LHB Justin Covington
|
0-0: Ball 1-0: Foul Ball, location: 2F 1-1: Ball 2-1: Ball 3-1: Base on Balls Dave Doughty to second
|
Batting: SHB David Simpson
|
0-0: Ball 1-0: Called Strike 1-1: Ball 2-1: Swinging Strike 2-2: Ball 3-2: Foul Ball, location: 2F 3-2: Strikes out swinging
|
Batting: RHB Andrew Clarke
|
0-0: Ball 1-0: Foul Ball, location: 2F 1-1: Ball 2-1: Swinging Strike 2-2: Fly out, F7 (Flyball, 78M, EV 85.6 MPH)
|
Bottom of the 5th over - 0 runs, 0 hits, 0 errors, 2 left on base; Minnesota (NYP) 1 - Spokane 5 |
TOP OF THE 6TH |
Minnesota (NYP) Twins batting - Pitching for Spokane Indians : RHP Masataka Kawai
|
Batting: SHB Ian Thompson
|
0-0: Foul Ball, location: 2F 0-1: Swinging Strike 0-2: Foul Ball, location: 2F 0-2: Ball 1-2: Ball 2-2: Strikes out swinging
|
Batting: RHB David Nardone
|
0-0: Ball 1-0: Called Strike 1-1: Ball 2-1: Foul Ball, location: 2F 2-2: Foul Ball, location: 2F 2-2: Ball 3-2: Base on Balls
|
Batting: RHB Jose Nunez
|
0-0: Called Strike 0-1: Ball 1-1: Called Strike 1-2: Fly out, F3 (Line Drive, 3, EV 68.8 MPH)
|
Batting: LHB Seung-jun Chang
|
0-0: Ball David Nardone steals 2nd, throwing error, E2 David Nardone to third 1-0: Foul Ball, location: 2F 1-1: Ball 2-1: Ball 3-1: Ground out 6-3 (Groundball, 6, EV 107.5 MPH)
|
Top of the 6th over - 0 runs, 0 hits, 1 error, 1 left on base; Minnesota (NYP) 1 - Spokane 5 |
BOTTOM OF THE 6TH |
Spokane Indians batting - Pitching for Minnesota (NYP) Twins : RHP Josh Halvorson
|
Batting: RHB Lupe Covarrubias
|
0-0: Called Strike 0-1: Ball 1-1: Foul Ball, location: 2F 1-2: Ball 2-2: Strikes out swinging, 2-3 out at first.
|
Batting: RHB Shoh Tanioka
|
0-0: Fly out, F9 (Flyball, 89D, EV 91.2 MPH)
|
Batting: RHB Jesse White
|
0-0: Ball 1-0: Foul Ball, location: 2F 1-1: Ground out 4-3 (Groundball, 4M, EV 103.8 MPH)
|
Bottom of the 6th over - 0 runs, 0 hits, 0 errors, 0 left on base; Minnesota (NYP) 1 - Spokane 5 |
TOP OF THE 7TH |
Minnesota (NYP) Twins batting - Pitching for Spokane Indians : RHP Masataka Kawai
|
Now at 1B: Tony Mendez
|
|
Now at 2B: Knud Prins
|
|
Batting: RHB Tony Crespo
|
0-0: Foul Ball, location: 2F 0-1: Called Strike 0-2: Foul Ball, location: 2F 0-2: Ball 1-2: Strikes out swinging
|
Batting: SHB Donell Burney
|
0-0: Called Strike 0-1: Ball 1-1: Ball 2-1: Ball 3-1: Called Strike 3-2: Foul Ball, location: 2F 3-2: Strikes out looking
|
Batting: RHB Ruben Torres
|
0-0: Called Strike 0-1: Ball 1-1: Ball 2-1: Ball 3-1: Base on Balls
|
Pitching: RHP Adam Sullivan
|
|
Batting: LHB Chris Munguia
|
0-0: Ball 1-0: Ball 2-0: Ball 3-0: Called Strike 3-1: Ground out 6-3 (Groundball, 6M, EV 81.9 MPH)
|
Top of the 7th over - 0 runs, 0 hits, 0 errors, 1 left on base; Minnesota (NYP) 1 - Spokane 5 |
BOTTOM OF THE 7TH |
Spokane Indians batting - Pitching for Minnesota (NYP) Twins : RHP Josh Halvorson
|
Batting: SHB Reagan Dudley
|
0-0: SINGLE (Line Drive, 34D, EV 96.2 MPH)
|
Batting: RHB Zi-jing Wang
|
0-0: Ball 1-0: Ball 2-0: Ball 3-0: Base on Balls Reagan Dudley to second
|
Batting: LHB Dave Doughty
|
0-0: Bunted foul 0-1: Sac Bunt to 3S - play at first, batter OUT! 3-4 Reagan Dudley to third Zi-jing Wang to second
|
Batting: LHB Justin Covington
|
0-0: Fly out, F6 (Popup, 6MS, EV 56.2 MPH)
|
Batting: RHB Tony Mendez
|
0-0: Ball 1-0: Ball 2-0: Ball 3-0: Called Strike 3-1: Foul Ball, location: 2F 3-2: Strikes out swinging
|
Bottom of the 7th over - 0 runs, 1 hit, 0 errors, 2 left on base; Minnesota (NYP) 1 - Spokane 5 |
TOP OF THE 8TH |
Minnesota (NYP) Twins batting - Pitching for Spokane Indians : RHP Adam Sullivan
|
Batting: RHB Sean Gould
|
0-0: Called Strike 0-1: Fly out, F9 (Line Drive, 9D, EV 106.9 MPH)
|
Batting: SHB Ian Thompson
|
0-0: Ball 1-0: Foul Ball, location: 2F 1-1: Foul Ball, location: 2F 1-2: Ball 2-2: Foul Ball, location: 2F 2-2: Ball 3-2: Ground out U3 (Groundball, 34, EV 86.2 MPH)
|
Batting: RHB David Nardone
|
0-0: Called Strike 0-1: Foul Ball, location: 2F 0-2: Ball 1-2: Strikes out swinging
|
Top of the 8th over - 0 runs, 0 hits, 0 errors, 0 left on base; Minnesota (NYP) 1 - Spokane 5 |
BOTTOM OF THE 8TH |
Spokane Indians batting - Pitching for Minnesota (NYP) Twins : RHP Josh Halvorson
|
Pitching: RHP John Childress
|
|
Batting: RHB Knud Prins
|
0-0: Called Strike 0-1: SINGLE (Groundball, 4MD, EV 101.9 MPH)
|
Batting: RHB Lupe Covarrubias
|
0-0: Ball 1-0: Called Strike 1-1: Foul Ball, location: 2F Balk! Knud Prins to second 1-2: Strikes out swinging
|
Batting: RHB Shoh Tanioka
|
0-0: Called Strike 0-1: Called Strike 0-2: Strikes out swinging
|
Batting: RHB Jesse White
|
0-0: Ball 1-0: Foul Ball, location: 2F 1-1: Fly out, F3 (Popup, 34, EV 77.5 MPH)
|
Bottom of the 8th over - 0 runs, 1 hit, 0 errors, 1 left on base; Minnesota (NYP) 1 - Spokane 5 |
TOP OF THE 9TH |
Minnesota (NYP) Twins batting - Pitching for Spokane Indians : RHP Adam Sullivan
|
Batting: RHB Jose Nunez
|
0-0: Ball 1-0: SINGLE (Flyball, 34D, EV 86.9 MPH)
|
Batting: LHB Seung-jun Chang
|
0-0: Foul Ball, location: 2F 0-1: Swinging Strike 0-2: Ball 1-2: Strikes out swinging
|
Batting: RHB Tony Crespo
|
0-0: Called Strike 0-1: Ball 1-1: Called Strike 1-2: Ball 2-2: Grounds into double play, 5-4-3 (Groundball, 56, EV 100.6 MPH)
|
Top of the 9th over - 0 runs, 1 hit, 0 errors, 0 left on base; Minnesota (NYP) 1 - Spokane 5 |
|